 Dungeon Sprint DCSS version 0.20-a0-833-gc632bec (webtiles) character file.

10000000 esc the Conqueror (level 27, -5/273 HPs)
             Began as a Centaur Fighter on Mar 7, 2017.
             Was the Champion of Makhleb.
             Killed from afar by a wretched soul (87 damage)
             ... with a bolt of negative energy
             ... in the Dungeon (Sprint VIII: "Arena of Blood").
             The game lasted 00:03:04 (100 turns).

esc the Conqueror (Centaur Fighter)                  Turns: 100, Time: 00:03:05

Health: -5/273     AC: 12    Str: 21    XL:     27
Magic:  36/54      EV: 26    Int:  7    God:    Makhleb [******]
Gold:   0          SH:  0    Dex: 20    Spells: 80/80 levels left

rFire    . . .     SeeInvis .   l - +∞ Axe of Woe
rCold    . . .     Gourm    .   b - +0 scale mail
rNeg     . . .     Faith    .   (shield currently unavailable)
rPois    .         Spirit   .   (no helmet)
rElec    .         Reflect  .   (no cloak)
rCorr    .         Harm     .   (no gloves)
MR       ++...     NoTele   +   (no barding)
Stlth    ++++++++..             (no amulet)
Regen    0.6/turn               (no ring)
MPRegen  0.4/turn               (no ring)

@: drained, very quick
A: hooves 3, deformed body, speed 2, tough skin 3
a: Minor Destruction, Lesser Servant of Makhleb, Major Destruction, Greater
Servant of Makhleb, Renounce Religion


You were in the Dungeon.
You worshipped Makhleb.
Makhleb was exalted by your worship.
You were not hungry.

You visited 1 branch

Inventory:

Hand Weapons
 a - a +0 war axe
 l - the +∞ Axe of Woe (weapon)
   (You found it in the Dungeon)
Armour
 b - a +0 scale mail (worn)
 c - a +0 shield
Jewellery
 m - an uncursed ring of protection from fire {rF+, !d}
   (You found it in the Dungeon)
Scrolls
 k - a scroll of blinking {!r}
Potions
 d - a potion of might
 e - a potion of curing
 g - a potion of heal wounds
 h - a potion of haste
 i - 2 potions of magic
 j - a potion of berserk rage {!q}
Comestibles
 f - a bread ration {@e1}


   Skills:
 O Level 27(25.5) Fighting
 O Level 27(25.5) Axes
 O Level 27(25.5) Throwing
 O Level 27(25.5) Armour
 O Level 27(25.5) Dodging
 O Level 27(25.5) Stealth
 O Level 27(25.5) Shields
 O Level 27(25.5) Unarmed Combat
 O Level 27(25.5) Spellcasting
 O Level 27(25.5) Invocations


You had 80 spell levels left.
You didn't know any spells.

Dungeon Overview and Level Annotations

Branches:
Dungeon (1/1)

Altars:
Makhleb


Innate Abilities, Weirdness & Mutations

You have hooves in place of feet.
Armour fits poorly on your strangely shaped body.
You cover ground very quickly.
You have extremely tough skin. (AC +3)


Message History

You feel better.
You hear a shout! x7
The eight-headed meat hydra calls on the powers of darkness!
The eight-headed meat hydra convulses!
The bag of meat convulses! x10
Your body is wracked with pain!
* * * LOW HITPOINT WARNING * * *
The eight-headed meat hydra convulses!
The bag of meat convulses!
The large bag of meat convulses!
The bag of meat convulses! x2
The meat berserker convulses!
You hear a shout!
You take 32 damage, and have 65/273 hp.
Unknown command.
Unknown command.
You hit the bag of meat.
You cleave the bag of meat in twain.
You kill the bag of meat!
Makhleb accepts your kill.
You feel better.
You hear a shout! x2
The eight-headed meat hydra calls on the powers of darkness!
The eight-headed meat hydra convulses!
The bag of meat convulses! x5
The eight-headed meat hydra convulses!
The bag of meat convulses! x3
Your body is wracked with pain!
* * * LOW HITPOINT WARNING * * *
The bag of meat convulses! x2; The large bag of meat convulses!
You hear a shout!
Two crawling corpses merge to form a small abomination.
You hear a shout!
A tyrant comes into view.
You take 3 damage, and have 62/273 hp.
Unknown command.
Unknown command.
Unknown command.
Unknown command.
You open the sculptor of flesh like a pillowcase!!!
You dissect the sculptor of flesh like a pig carcass.
You destroy the sculptor of flesh!
Makhleb accepts your kill.
You feel better.
You hit the bag of meat.
You butcher the bag of meat messily.
You kill the bag of meat!
Makhleb accepts your kill.
You hit something.
You butcher something messily.
Makhleb accepts your kill.
You feel better.
Reactivating autopickup.
You feel a bit more experienced.
You hear a shout! x8
A bag of meat comes into view. It is wielding a +9 war axe.
You regained 135 hp, and now have 197/273 hp.
The bag of meat shouts!
You slice the bag of meat like a ripe choko!!!
You fatally mangle the bag of meat.
You kill the bag of meat!
Makhleb accepts your kill.
You feel better.
You slice the bag of meat!! You chop the bag of meat into pieces.
You kill the bag of meat!
Makhleb accepts your kill.
You feel better.
You slice the meat beast!!
You hew the meat beast savagely.
You kill the meat beast!
Makhleb accepts your kill.
You hear a shout! x3
The bag of meat is engulfed in blazing flames.
The eight-headed meat hydra calls on the powers of darkness!
The eight-headed meat hydra convulses!
The bag of meat convulses! x4
The meat berserker convulses!
The bag of meat convulses! x2
Your body is wracked with pain!
The bag of meat convulses! x3; The eight-headed meat hydra convulses!
The large bag of meat convulses!
The bag of meat convulses! x4
A bag of meat comes into view. It is wielding a +9 war axe.
The bag of meat shouts!
The bag of meat convulses! x2
The meat berserker hits you with a +9 battleaxe!!!
* * * LOW HITPOINT WARNING * * *
A bag of meat comes into view. It is wielding a +9 war axe.
You take 124 damage, and have 73/273 hp.
MASSIVE DAMAGE!!
Unknown command.
You hit the meat berserker.
You slaughter the meat berserker joyfully.
You kill the meat berserker!
Makhleb accepts your kill.
You feel better.
You slice the bag of meat!! You chop the bag of meat into pieces.
You kill the bag of meat!
Makhleb accepts your kill.
You feel better.
You hear a shout! x4
The eight-headed meat hydra calls on the powers of darkness!
The eight-headed meat hydra convulses!
The bag of meat convulses! x9
The eight-headed meat hydra convulses!
The bag of meat convulses!
Your body is wracked with pain!
The bag of meat convulses!
The large bag of meat convulses!
The bag of meat convulses!
You hear a shout! x3
The bag of meat is engulfed in blazing flames.
A bolt of negative energy appears from out of thin air!
Deactivating autopickup; reactivate with Ctrl-A.
The bolt of negative energy hits you!
You feel drained.
You die...

..#............
#........#........
#o..oo....#.......
#{D..x.....%.#....
#o.X.o....#.....)#
#{o.o#...X).)...))
#.Doo##..x).X.#%))
#))o..#..))X#....)
#@)o.)X###xo.....)
#)).Oo##.)))#.%...
#....#o§)X)...#...
#..Mo#.§)§).....%.
#....XX§§§...%...#
#....xL..X........
#.....o...........
#......L..#....%..
#........#.#.#....


You could see an accursed, 2 tyrants, 2 eight-headed meat hydras, a large bag of
meat (inner flame), 4 large abominations, 2 small abominations and 15 bags of
meat.

Vanquished Creatures
  6 hell beasts (D)
  A greater mummy (D)
  3 wraiths (D)
  Harold (D)
  13 vampire knights (D)
  29 ogres (D)
  6 two-headed ogres (D)
  A lich (D)
  82 orcs (D)
  2 phantoms (D)
  6 skeletal warriors (D)
  2 large abominations (D)
  5 small abominations (D)
  7 crawling corpses (D)
164 creatures vanquished.

Vanquished Creatures (others)
  4 crawling corpses (D)
4 creatures vanquished.

Grand Total: 168 creatures vanquished

Notes
Turn   | Place    | Note
-------+----------+-------------------------------------------
     0 | D        | esc the Centaur Fighter began the quest for the Orb.
     0 | D        | Reached XP level 1. HP: 19/19 MP: 1/1
     2 | D        | Noticed a bag of meat
     3 | D        | Noticed a bag of meat
     4 | D        | Noticed a bag of meat
     4 | D        | Noticed a bag of meat
     4 | D        | Noticed a meat berserker
     4 | D        | Noticed a bag of meat
     6 | D        | Noticed a bag of meat
     6 | D        | Noticed a bag of meat
     6 | D        | Noticed a bag of meat
     7 | D        | Noticed a bag of meat
     9 | D        | Noticed a bag of meat
     9 | D        | Noticed a meat berserker
     9 | D        | Noticed a bag of meat
     9 | D        | Noticed a bag of meat
     9 | D        | Noticed a bag of meat
    10 | D        | Noticed a bag of meat
    11 | D        | Noticed a meat berserker
    11 | D        | Noticed a bag of meat
    11 | D        | Noticed a bag of meat
    11 | D        | Noticed a bag of meat
    12 | D        | Noticed a bag of meat
    12 | D        | Noticed a meat berserker
    13 | D        | Noticed a bag of meat
    15 | D        | Noticed a bag of meat
    15 | D        | Killed a bag of meat
    15 | D        | Reached skill level 14 in Fighting
    15 | D        | Reached skill level 13 in Axes
    15 | D        | Reached skill level 11 in Armour
    15 | D        | Reached skill level 11 in Dodging
    15 | D        | Reached XP level 2. HP: 47/47 MP: 2/2
    15 | D        | Reached XP level 3. HP: 53/53 MP: 3/3
    15 | D        | Reached XP level 4. HP: 61/61 MP: 4/4
    15 | D        | Reached XP level 5. HP: 68/68 MP: 5/5
    15 | D        | Reached XP level 6. HP: 75/75 MP: 6/6
    15 | D        | Reached XP level 7. HP: 82/82 MP: 7/7
    15 | D        | Reached XP level 8. HP: 90/90 MP: 8/8
    15 | D        | Reached XP level 9. HP: 96/96 MP: 9/9
    15 | D        | Reached XP level 10. HP: 104/104 MP: 10/10
    15 | D        | Reached XP level 11. HP: 111/111 MP: 11/11
    15 | D        | Killed a bag of meat
    15 | D        | Reached skill level 16 in Fighting
    15 | D        | Reached skill level 15 in Axes
    15 | D        | Reached skill level 13 in Armour
    15 | D        | Reached skill level 13 in Dodging
    15 | D        | Reached XP level 12. HP: 124/124 MP: 12/12
    15 | D        | HP: 16/124 [meat berserker/+9 battleaxe (65)]
    15 | D        | Noticed a bag of meat
    16 | D        | Noticed a bag of meat
    16 | D        | Killed a bag of meat
    16 | D        | Reached skill level 18 in Fighting
    16 | D        | Reached skill level 16 in Axes
    16 | D        | Reached skill level 14 in Armour
    16 | D        | Reached skill level 14 in Dodging
    16 | D        | Reached XP level 13. HP: 17/134 MP: 13/13
    16 | D        | Killed a bag of meat
    16 | D        | Reached skill level 19 in Fighting
    16 | D        | Reached skill level 18 in Axes
    16 | D        | Reached skill level 15 in Armour
    16 | D        | Reached skill level 15 in Dodging
    16 | D        | Reached XP level 14. HP: 19/146 MP: 14/14
    16 | D        | Killed a meat berserker
    16 | D        | Reached skill level 21 in Fighting
    16 | D        | Reached skill level 19 in Axes
    16 | D        | Reached skill level 17 in Armour
    16 | D        | Reached skill level 17 in Dodging
    16 | D        | Reached XP level 15. HP: 21/158 MP: 15/15
    16 | D        | Killed a meat berserker
    16 | D        | Reached skill level 22 in Fighting
    16 | D        | Reached skill level 21 in Axes
    16 | D        | Reached skill level 18 in Armour
    16 | D        | Reached skill level 18 in Dodging
    17 | D        | Noticed a meat berserker
    17 | D        | Reached skill level 23 in Fighting
    17 | D        | Reached skill level 19 in Armour
    17 | D        | Reached skill level 19 in Dodging
    17 | D        | Reached XP level 16. HP: 23/172 MP: 16/16
    17 | D        | Reached skill level 24 in Fighting
    17 | D        | Reached skill level 22 in Axes
    17 | D        | Reached skill level 23 in Axes
    17 | D        | Reached skill level 20 in Armour
    17 | D        | Reached skill level 20 in Dodging
    17 | D        | Reached skill level 25 in Fighting
    17 | D        | Reached XP level 17. HP: 25/187 MP: 17/17
    18 | D        | Noticed a meat berserker
    18 | D        | HP: 4/187 [bag of meat/+9 war axe (22)]
    19 | D        | Reached skill level 26 in Fighting
    19 | D        | Reached skill level 24 in Axes
    19 | D        | Reached skill level 21 in Armour
    19 | D        | Reached skill level 21 in Dodging
    19 | D        | Reached skill level 27 in Fighting
    19 | D        | Reached skill level 25 in Axes
    19 | D        | Reached skill level 22 in Armour
    19 | D        | Reached skill level 22 in Dodging
    19 | D        | Reached skill level 26 in Axes
    19 | D        | Reached XP level 18. HP: 4/200 MP: 18/18
    20 | D        | Noticed a meat berserker
    21 | D        | Killed a meat berserker
    21 | D        | Reached skill level 27 in Axes
    21 | D        | Reached skill level 24 in Armour
    21 | D        | Reached skill level 24 in Dodging
    21 | D        | Killed a meat berserker
    21 | D        | Reached skill level 25 in Armour
    21 | D        | Reached skill level 25 in Dodging
    21 | D        | Reached XP level 19. HP: 5/207 MP: 19/19
    22 | D        | Noticed a large bag of meat
    22 | D        | Became a worshipper of Makhleb the Destroyer
    23 | D        | Reached skill level 26 in Armour
    23 | D        | Reached skill level 26 in Dodging
    24 | D        | Noticed a meat berserker
    24 | D        | Reached * piety under Makhleb
    24 | D        | Reached skill level 27 in Armour
    24 | D        | Reached skill level 27 in Dodging
    24 | D        | Reached skill level 3 in Throwing
    24 | D        | Reached skill level 2 in Stealth
    24 | D        | Reached skill level 3 in Shields
    24 | D        | Reached skill level 3 in Unarmed Combat
    24 | D        | Reached skill level 2 in Spellcasting
    24 | D        | Reached skill level 3 in Invocations
    25 | D        | Reached skill level 7 in Throwing
    25 | D        | Reached skill level 4 in Stealth
    25 | D        | Reached skill level 6 in Shields
    25 | D        | Reached skill level 7 in Unarmed Combat
    25 | D        | Reached skill level 5 in Spellcasting
    25 | D        | Reached skill level 7 in Invocations
    25 | D        | Killed a meat berserker
    25 | D        | Reached skill level 12 in Throwing
    25 | D        | Reached skill level 8 in Stealth
    25 | D        | Reached skill level 9 in Shields
    25 | D        | Reached skill level 11 in Unarmed Combat
    25 | D        | Reached skill level 8 in Spellcasting
    25 | D        | Reached skill level 12 in Invocations
    26 | D        | Killed a meat berserker
    26 | D        | Reached ** piety under Makhleb
    26 | D        | Reached skill level 14 in Throwing
    26 | D        | Reached skill level 10 in Stealth
    26 | D        | Reached skill level 11 in Shields
    26 | D        | Reached skill level 13 in Unarmed Combat
    26 | D        | Reached skill level 10 in Spellcasting
    26 | D        | Reached skill level 14 in Invocations
    26 | D        | Reached XP level 20. HP: 54/216 MP: 19/34
    26 | D        | Killed a meat berserker
    26 | D        | Reached skill level 17 in Throwing
    26 | D        | Reached skill level 11 in Stealth
    26 | D        | Reached skill level 12 in Shields
    26 | D        | Reached skill level 15 in Unarmed Combat
    26 | D        | Reached skill level 12 in Spellcasting
    26 | D        | Reached skill level 16 in Invocations
    27 | D        | Reached skill level 18 in Throwing
    27 | D        | Reached skill level 12 in Stealth
    27 | D        | Reached skill level 13 in Shields
    27 | D        | Reached skill level 16 in Unarmed Combat
    27 | D        | Reached skill level 13 in Spellcasting
    27 | D        | Reached skill level 17 in Invocations
    27 | D        | Reached *** piety under Makhleb
    27 | D        | Reached skill level 14 in Shields
    27 | D        | Reached skill level 17 in Unarmed Combat
    27 | D        | Reached skill level 18 in Invocations
    27 | D        | Reached XP level 21. HP: 224/224 MP: 19/38
    27 | D        | Reached skill level 19 in Throwing
    27 | D        | Reached skill level 13 in Stealth
    27 | D        | Reached skill level 18 in Unarmed Combat
    27 | D        | Reached skill level 14 in Spellcasting
    27 | D        | Reached skill level 19 in Invocations
    29 | D        | Reached skill level 21 in Throwing
    29 | D        | Reached skill level 14 in Stealth
    29 | D        | Reached skill level 15 in Shields
    29 | D        | Reached skill level 19 in Unarmed Combat
    29 | D        | Reached skill level 15 in Spellcasting
    29 | D        | Reached skill level 20 in Invocations
    29 | D        | Killed a large bag of meat
    29 | D        | Reached **** piety under Makhleb
    29 | D        | Reached skill level 22 in Throwing
    29 | D        | Reached skill level 15 in Stealth
    29 | D        | Reached skill level 16 in Shields
    29 | D        | Reached skill level 20 in Unarmed Combat
    29 | D        | Reached skill level 16 in Spellcasting
    29 | D        | Reached skill level 22 in Invocations
    29 | D        | Reached skill level 16 in Stealth
    29 | D        | Reached skill level 17 in Shields
    29 | D        | Reached skill level 21 in Unarmed Combat
    29 | D        | Reached skill level 17 in Spellcasting
    29 | D        | Reached skill level 23 in Throwing
    29 | D        | Reached skill level 23 in Invocations
    29 | D        | Reached XP level 22. HP: 233/233 MP: 19/43
    30 | D        | Noticed a destroyer
    30 | D        | Noticed a large bag of meat
    31 | D        | Reached skill level 24 in Throwing
    31 | D        | Reached skill level 18 in Shields
    31 | D        | Reached skill level 22 in Unarmed Combat
    31 | D        | Reached skill level 18 in Spellcasting
    31 | D        | Reached ***** piety under Makhleb
    31 | D        | Reached skill level 17 in Stealth
    31 | D        | Reached skill level 24 in Invocations
    31 | D        | Reached skill level 25 in Throwing
    31 | D        | Reached skill level 19 in Shields
    31 | D        | Reached skill level 23 in Unarmed Combat
    31 | D        | Reached skill level 25 in Invocations
    31 | D        | Reached skill level 18 in Stealth
    31 | D        | Reached skill level 19 in Spellcasting
    32 | D        | Reached skill level 26 in Throwing
    32 | D        | Reached skill level 20 in Shields
    32 | D        | Reached skill level 24 in Unarmed Combat
    32 | D        | Reached skill level 20 in Spellcasting
    32 | D        | Reached skill level 26 in Invocations
    32 | D        | Reached skill level 19 in Stealth
    32 | D        | Reached skill level 25 in Unarmed Combat
    32 | D        | Reached XP level 23. HP: 240/240 MP: 20/47
    32 | D        | Noticed a large bag of meat
    33 | D        | Noticed a destroyer
    33 | D        | Noticed a large bag of meat
    33 | D        | Noticed a destroyer
    33 | D        | Killed a destroyer
    33 | D        | Reached skill level 27 in Throwing
    33 | D        | Reached skill level 20 in Stealth
    33 | D        | Reached skill level 22 in Shields
    33 | D        | Reached skill level 26 in Unarmed Combat
    33 | D        | Reached skill level 21 in Spellcasting
    33 | D        | Reached skill level 27 in Invocations
    33 | D        | Reached skill level 27 in Unarmed Combat
    33 | D        | Reached skill level 22 in Spellcasting
    33 | D        | Killed a large bag of meat
    33 | D        | Reached ****** piety under Makhleb
    33 | D        | Reached skill level 22 in Stealth
    33 | D        | Reached skill level 23 in Shields
    33 | D        | Reached skill level 23 in Spellcasting
    34 | D        | Noticed The Servant
    34 | D        | Reached skill level 23 in Stealth
    34 | D        | Reached skill level 24 in Shields
    34 | D        | Reached skill level 24 in Spellcasting
    34 | D        | Reached XP level 24. HP: 249/249 MP: 20/51
    34 | D        | Reached skill level 25 in Shields
    34 | D        | Reached skill level 25 in Spellcasting
    34 | D        | Noticed a destroyer
    36 | D        | Noticed a large bag of meat
    38 | D        | Reached skill level 24 in Stealth
    38 | D        | Reached skill level 26 in Shields
    38 | D        | Reached skill level 25 in Stealth
    38 | D        | Reached skill level 27 in Shields
    38 | D        | Reached skill level 26 in Spellcasting
    39 | D        | Noticed a destroyer
    39 | D        | Killed a destroyer
    39 | D        | Reached skill level 27 in Stealth
    39 | D        | Reached skill level 27 in Spellcasting
    39 | D        | Killed a destroyer
    39 | D        | Reached XP level 25. HP: 257/257 MP: 22/54
    40 | D        | Noticed a destroyer
    40 | D        | Killed a large bag of meat
    40 | D        | Killed a large bag of meat
    42 | D        | Killed a destroyer
    42 | D        | Reached XP level 26. HP: 266/266 MP: 22/54
    43 | D        | Killed a destroyer
    44 | D        | Killed a large bag of meat
    44 | D        | Reached XP level 27. HP: 273/273 MP: 23/54
    45 | D        | Noticed a destroyer
    45 | D        | Noticed a destroyer
    46 | D        | Killed a destroyer
    46 | D        | Killed The Servant
    49 | D        | Noticed a destroyer
    50 | D        | Noticed a destroyer
    52 | D        | Noticed a tyrant
    52 | D        | Killed a destroyer
    55 | D        | Noticed a destroyer
    56 | D        | Killed a destroyer
    57 | D        | Noticed a destroyer
    60 | D        | Noticed a meat beast
    61 | D        | Noticed an accursed
    62 | D        | Noticed a destroyer
    63 | D        | Noticed a meat beast
    63 | D        | Killed a destroyer
    64 | D        | Noticed a dread
    64 | D        | Killed a dread
    65 | D        | Noticed a large bag of meat
    65 | D        | Killed a destroyer
    65 | D        | Killed a meat beast
    66 | D        | Noticed a dread
    66 | D        | Killed a meat beast
    66 | D        | Killed a destroyer
    69 | D        | Killed a tyrant
    72 | D        | Noticed a large bag of meat
    72 | D        | Killed a dread
    73 | D        | Noticed a dread
    74 | D        | Killed a destroyer
    75 | D        | Killed a destroyer
    76 | D        | Noticed a meat beast
    77 | D        | Killed an accursed
    78 | D        | Killed a large bag of meat
    82 | D        | Killed a dread
    84 | D        | Noticed a meat beast
    85 | D        | Noticed a meat beast
    86 | D        | Killed a meat beast
    87 | D        | Killed a meat beast
    88 | D        | Killed a meat beast
    93 | D        | HP: 27/273 [something/bolt of negative energy (111)]
    95 | D        | Noticed an accursed
    96 | D        | Noticed a meat beast
    98 | D        | Noticed a tyrant
    99 | D        | Killed a meat beast
   100 | D        | Killed from afar by a wretched soul

Vault maps used:
D:        meatsprint

Skill      XL: |  1  2  3  4  5  6  7  8  9 10 11 12 13 14 15 16 17 18 19 20 21 22 23 24 |
---------------+-------------------------------------------------------------------------+-----
Fighting       | 14 16 18 19 21 23 25 27 | 27.0
Axes           | 13 15 16 18 19 21 23 26 27 | 27.0
Armour         | 11 13 14 15 17 19 20 22 25 27 | 27.0
Dodging        | 11 13 14 15 17 19 20 22 25 27 | 27.0
Throwing       | 14 18 23 26 27 | 27.0
Stealth        | 10 12 16 19 23 27 | 27.0
Shields        | 11 14 17 20 24 27 | 27.0
Unarmed Combat | 13 17 21 25 27 | 27.0
Spellcasting   | 10 13 17 20 24 27 | 27.0
Invocations    | 14 18 23 26 27 | 27.0

Action                   |  1- 3 |  4- 6 |  7- 9 | 10-12 | 13-15 | 16-18 | 19-21 | 22-24 | 25-27 || total
-------------------------+-------+-------+-------+-------+-------+-------+-------+-------+-------++-------
Melee: Executioner's axe |     1 |       |       |     1 |     1 |     2 |     6 |     6 |    40 ||    57
Armor: Scale mail        |       |       |       |       |       |       |       |       |     4 ||     4
Dodge: Dodged            |     1 |       |       |     1 |       |       |       |       |     3 ||     5

Vault maps used:
D:        meatsprint

Table legend:
 A = Turns spent in this place as a percentage of turns spent in the entire game.
 B = Non-inter-level travel turns spent in this place as a percentage of non-inter-level travel turns spent in the entire game.
 C = Inter-level travel turns spent in this place as a percentage of turns spent in this place.
 D = Turns resting spent in this place as a percentage of non-inter-level travel turns spent in this place.
 E = Turns spent auto-exploring this place as a percentage of non-inter-level travel turns spent in this place.
 F = Non-inter-level travel turns spent in this place divided by the number of levels of this place that you've seen.
                   A       B       C       D       E      F
               +-------+-------+-------+-------+-------+----------------------
         Total | 100.0 | 100.0 |   0.0 |   0.0 |   0.0 | 172.0
       Dungeon | 100.0 | 100.0 |   0.0 |   0.0 |   0.0 | 172.0
               +-------+-------+-------+-------+-------+----------------------

Table legend:
 A = Kills in this place as a percentage of kills in entire the game.
 B = Kills by you in this place as a percentage of kills by you in the entire game.
 C = Kills by friends in this place as a percentage of kills by friends in the entire game.
 D = Other kills in this place as a percentage of other kills in the entire game.
 E = Experience gained in this place as a percentage of experience gained in the entire game.
 F = Experience gained in this place divided by the number of levels of this place that you have seen.
                   A       B       C       D       E      F
               +-------+-------+-------+-------+-------+----------------------
         Total | 100.0 | 100.0 |  -nan |  -nan | 100.0 | 4647935.0
       Dungeon | 100.0 | 100.0 |  -nan |  -nan | 100.0 | 4647935.0
               +-------+-------+-------+-------+-------+----------------------
